AoeStats
← datarapues1998

Arabia

505155756Analyzed
1v1 RM · 25d ago on Sep 8, 2026· 54m 22s· 2 players
Game mode
Random Map
Map size
Tiny (2 player)
Population
200
Speed
Normal
Resources
Standard
Victory
Conquest
Starting age
Dark Age
Ending age
Imperial Age
RankedLock teamsTeams togetherTeam positionsShared explorationLock speedFull tech treeHidden civsTurbo modeCheats
Victory
Defeat
🇨🇴 Dravidians · Colombia
1196
+15
🇨🇦 Armenians · Canada
1180
-15
Salah-El-Deen
6:51 Loom
9:34 Feudal Age
9:37 Man-at-Arms
10:26 Double-Bit Axe
15:07 Long Swordsman
15:34 Arson
21:33 Fletching
21:44 Padded Archer Armor
21:51 Scale Mail Armor
29:38 Castle Age
28:58 Horse Collar
29:43 Scale Barding Armor
31:22 Bow Saw
33:03 Bloodlines
39:46 Gold Mining
40:07 Elite Skirmisher
41:44 Gold Shaft Mining
45:50 Wheelbarrow
46:46 Husbandry
51:13 Imperial Age
49:03 Hand Cart
50:52 Bow Saw
51:57 Bodkin Arrow
52:03 Padded Archer Armor
52:25 Heavy Plow
datarapues1998
8:00 Loom
10:15 Feudal Age
10:19 Man-at-Arms
10:45 Double-Bit Axe
16:32 Fletching
19:47 Padded Archer Armor
20:19 Horse Collar
23:56 Castle Age
24:44 Bodkin Arrow
24:11 Crossbowman
26:30 Long Swordsman
29:53 Bow Saw
30:17 Town Watch
38:40 Ballistics
41:28 Leather Archer Armor
42:11 Wheelbarrow
48:54 Imperial Age
47:53 Thumb Ring
48:26 Scale Barding Armor
48:33 Heavy Plow
48:57 Arbalester
50:53 Bracer
51:56 Chemistry
52:09 Husbandry
52:38 Onager
55:11 Ring Archer Armor
Connection lost

Rejoining the realm…

Still unreachable

The connection could not be restored.

Session expired

The server has moved on; the page needs a fresh start.